Description

attack

Replay - Elazer v Maru - 凯罗斯中转站-天梯版

Build Order

Get SALT Encoding   

  12  0:00  SCV  
  13  0:13  SCV  
  14  0:17  Supply Depot  
  14  0:25  SCV  
  15  0:31  Refinery  
  15  0:38  SCV  
  16  0:43  Barracks  
  16  0:50  SCV  
  17  1:02  SCV  
  18  1:14  SCV  
  19  1:30  Reaper, Orbital Command  
  20  1:41  Command Center  
  20  1:52  Factory  
  20  1:56  SCV  
  21  2:07  Barracks Reactor  
  21  2:08  SCV  
  22  2:12  Supply Depot  
  22  2:15  Refinery  
  22  2:20  SCV  
  24  2:44  Starport  
  24  2:48  Hellion x2  
  29  2:53  Orbital Command  
  30  3:06  Barracks Tech Lab  
  30  3:10  Hellion x2  
  35  3:21  Viking  
  39  3:32  Marine  
  41  3:34  Supply Depot  
  41  3:36  Stimpack  
  43  3:52  Barracks x2  
  46  4:03  Supply Depot  
  46  4:11  Starport Reactor, Factory Tech Lab  
  46  4:15  Engineering Bay  
  49  4:24  Marine  
  49  4:26  Supply Depot  
  51  4:33  Siege Tank  
  56  4:43  Terran Infantry Weapons Level 1  
  56  4:51  Marine x5  
  63  4:57  Starport Reactor  
  64  5:00  Refinery  
  64  5:05  Siege Tank  
  68  5:09  Marine x3  
  77  5:33  Medivac x2  
  83  5:37  Combat Shield  
  89  5:53  Siege Tank  
  97  6:11  Medivac  
  97  6:17  Medivac  
Spawning Tool Build Advisor. Get it on Overwolf

Go to:

Details

  • Created by: ftuttle4
  • Published on: Mar 18, 2019
  • Modified on: Mar 18, 2019
  • Patch: 4.7.1
Show
View Real Time Build Order
Export as new Build Order

Comments (0)

There are no comments. Be the first!

Create an account to comment!